AoeStats
← Jaja

Arena

510154921Analyzed
1v1 RM · 4d ago on Sep 29, 2026· 17m 15s· 2 players
Game mode
Random Map
Map size
Tiny (2 player)
Population
200
Speed
Normal
Resources
Standard
Victory
Conquest
Starting age
Dark Age
Ending age
Imperial Age
RankedLock teamsTeams togetherTeam positionsShared explorationLock speedFull tech treeHidden civsTurbo modeCheats
Victory
Defeat
🇬🇧 Bengalis · United Kingdom
867
+17
🇭🇺 Burgundians · Hungary
894
-17
thebestofblue
8:38 Loom
10:24 Feudal Age
15:33 Castle Age
Jaja
9:54 Feudal Age
12:15 Loom
14:58 Castle Age
12:59 Stone Mining
13:05 Double-Bit Axe
Connection lost

Rejoining the realm…

Still unreachable

The connection could not be restored.

Session expired

The server has moved on; the page needs a fresh start.